PIO (24 & UNDER)
CHULA VISTA TACOS @ SASKATOON SMOKIN' GUNS
08/31/2030
 
TOP OF THE 1ST
Chula Vista Tacos batting - Pitching for Saskatoon Smokin' Guns : RHP Artie Smith
Pitching: RHP Artie Smith
Batting: LHB Dale Miller 0-0: Ball
1-0: Called Strike
1-1: Foul Ball, location: 2F
1-2: Strikes out looking
Batting: RHB Eric Schroeder 0-0: Ball
1-0: Called Strike
1-1: Ball
2-1: Swinging Strike
2-2: Strikes out looking
Batting: SHB Jared Calhoun 0-0: Ball
1-0: Fly out, F7 (Flyball, 78S)
Top of the 1st over - 0 runs, 0 hits, 0 errors, 0 left on base; Chula Vista 0 - Saskatoon 0
BOTTOM OF THE 1ST
Saskatoon Smokin' Guns batting - Pitching for Chula Vista Tacos : RHP Manny Cook
Pitching: RHP Manny Cook
Batting: RHB Luis Suárez 0-0: Foul Ball, location: 2F
0-1: Ball
1-1: Ball
2-1: Called Strike
2-2: Ground out 4-3 (Groundball, 4)
Batting: RHB Júlio Durán 0-0: SINGLE (Groundball, 34D)
Batting: LHB José Domínguez 0-0: Called Strike
0-1: Ball
Wild Pitch!
Júlio Durán to second
1-1: Reached on error, E5 (Groundball, 56)
Júlio Durán to third
Batting: RHB Juan Alvarado 0-0: Ball
1-0: Ball
2-0: Grounds into double play, 5-4-3 (Groundball, 5)
Bottom of the 1st over - 0 runs, 1 hit, 1 error, 1 left on base; Chula Vista 0 - Saskatoon 0
TOP OF THE 2ND
Chula Vista Tacos batting - Pitching for Saskatoon Smokin' Guns : RHP Artie Smith
Batting: RHB Valentín Saldaña 0-0: Ground out U3 (Groundball, 34)
Batting: RHB Nelson Wright 0-0: Ball
1-0: Foul Ball, location: 2F
1-1: Called Strike
1-2: Ball
2-2: Fly out, F7 (Flyball, 7)
Batting: RHB Daniel Pineda 0-0: Ball
1-0: Reached via error on a dropped throw, E1
Batting: LHB Jorge Pineda 0-0: Ball
1-0: Foul Ball, location: 2F
1-1: Called Strike
1-2: Ball
2-2: Foul Ball, location: 2F
2-2: Strikes out swinging
Top of the 2nd over - 0 runs, 0 hits, 1 error, 1 left on base; Chula Vista 0 - Saskatoon 0
BOTTOM OF THE 2ND
Saskatoon Smokin' Guns batting - Pitching for Chula Vista Tacos : RHP Manny Cook
Batting: RHB Lyle Johnston 0-0: Ball
1-0: Ball
2-0: Ball
3-0: Called Strike
3-1: Base on Balls
Batting: RHB Mike Ratzlaff 0-0: Ball
Lyle Johnston steals 2nd base
1-0: Ball
2-0: Ball
3-0: Called Strike
3-1: Fly out, F9 (Flyball, 9LSF)
Batting: RHB Artie Turner 0-0: Ball
1-0: Swinging Strike
1-1: Swinging Strike
1-2: Ball
2-2: Ball
3-2: Strikes out looking
Batting: RHB Héctor Garza 0-0: Ball
1-0: Ball
2-0: DOUBLE (Line Drive, 78D)
Lyle Johnston scores
Batting: RHB Rafael Gonzáles 0-0: Ball
1-0: Swinging Strike
1-1: Called Strike
1-2: Ground out 6-3 (Groundball, 6)
Bottom of the 2nd over - 1 run, 1 hit, 0 errors, 1 left on base; Chula Vista 0 - Saskatoon 1
TOP OF THE 3RD
Chula Vista Tacos batting - Pitching for Saskatoon Smokin' Guns : RHP Artie Smith
Batting: RHB Rafael Cardenas 0-0: Called Strike
0-1: Ball
1-1: Ball
2-1: Fly out, F8 (Flyball, 8LM)
Batting: RHB Kenny Miller 0-0: Called Strike
0-1: Ball
1-1: Ball
2-1: Swinging Strike
2-2: Foul Ball, location: 2F
2-2: Foul Ball, location: 2F
2-2: Foul Ball, location: 2F
2-2: Strikes out swinging
Batting: LHB Dale Miller 0-0: Ball
1-0: Ball
2-0: Called Strike
2-1: Foul Ball, location: 2F
2-2: Ball
3-2: Fly out, F7 (Flyball, 78D)
Top of the 3rd over - 0 runs, 0 hits, 0 errors, 0 left on base; Chula Vista 0 - Saskatoon 1
BOTTOM OF THE 3RD
Saskatoon Smokin' Guns batting - Pitching for Chula Vista Tacos : RHP Manny Cook
Batting: RHB Luis Suárez 0-0: Foul Ball, location: 2F
0-1: Called Strike
0-2: Ball
1-2: Foul Ball, location: 2F
1-2: Foul Ball, location: 2F
1-2: Foul Ball, location: 2F
1-2: Ground out 6-3 (Groundball, 6)
Batting: RHB Júlio Durán 0-0: Called Strike
0-1: Foul Ball, location: 2F
0-2: SINGLE (Line Drive, 7S)
Batting: LHB José Domínguez 0-0: Fly out, F8 (Flyball, 8LD)
Batting: RHB Juan Alvarado 0-0: Ball
Júlio Durán is caught stealing 2nd base
Bottom of the 3rd over - 0 runs, 1 hit, 0 errors, 0 left on base; Chula Vista 0 - Saskatoon 1
TOP OF THE 4TH
Chula Vista Tacos batting - Pitching for Saskatoon Smokin' Guns : RHP Artie Smith
Batting: RHB Eric Schroeder 0-0: Called Strike
0-1: Foul Ball, location: 2F
0-2: DOUBLE (Flyball, 8LD)
Batting: SHB Jared Calhoun 0-0: Called Strike
0-1: Ball
1-1: Foul Ball, location: 2F
1-2: Strikes out looking
Batting: RHB Valentín Saldaña 0-0: Called Strike
0-1: Foul Ball, location: 2F
0-2: Foul Ball, location: 2F
0-2: Strikes out swinging
Batting: RHB Nelson Wright 0-0: Called Strike
0-1: Swinging Strike
0-2: Foul Ball, location: 2F
0-2: Ball
1-2: Ball
2-2: Fly out, F8 (Flyball, 8LM)
Top of the 4th over - 0 runs, 1 hit, 0 errors, 1 left on base; Chula Vista 0 - Saskatoon 1
BOTTOM OF THE 4TH
Saskatoon Smokin' Guns batting - Pitching for Chula Vista Tacos : RHP Manny Cook
Batting: RHB Juan Alvarado 0-0: Ball
1-0: Called Strike
1-1: Foul Ball, location: 2F
1-2: Ball
2-2: Ground out 3-1 (Groundball, 34S)
Batting: RHB Lyle Johnston 0-0: Called Strike
0-1: Ball
1-1: Ball
2-1: Foul Ball, location: 2F
2-2: Foul Ball, location: 2F
2-2: Ball
3-2: Fly out, F5 (Line Drive, 5S)
Batting: RHB Mike Ratzlaff 0-0: Ball
1-0: Ball
2-0: Ball
3-0: Called Strike
3-1: Base on Balls
Batting: RHB Artie Turner 0-0: Ball
1-0: Foul Ball, location: 2F
1-1: Swinging Strike
1-2: Strikes out swinging
Bottom of the 4th over - 0 runs, 0 hits, 0 errors, 1 left on base; Chula Vista 0 - Saskatoon 1
TOP OF THE 5TH
Chula Vista Tacos batting - Pitching for Saskatoon Smokin' Guns : RHP Artie Smith
Batting: RHB Daniel Pineda 0-0: Foul Ball, location: 2F
0-1: Swinging Strike
0-2: Foul Ball, location: 2F
0-2: Ball
1-2: Strikes out looking
Batting: LHB Jorge Pineda 0-0: Called Strike
0-1: Called Strike
0-2: Fly out, F8 (Flyball, 8RM)
Batting: RHB Rafael Cardenas 0-0: Ball
1-0: Called Strike
1-1: Ball
2-1: Ground out 6-3 (Groundball, 6)
Top of the 5th over - 0 runs, 0 hits, 0 errors, 0 left on base; Chula Vista 0 - Saskatoon 1
BOTTOM OF THE 5TH
Saskatoon Smokin' Guns batting - Pitching for Chula Vista Tacos : RHP Manny Cook
Batting: RHB Héctor Garza 0-0: Ball
1-0: Ball
2-0: Foul Ball, location: 2F
2-1: Foul Ball, location: 2F
2-2: Strikes out looking
Batting: RHB Rafael Gonzáles 0-0: Ball
1-0: Ball
2-0: Ball
3-0: Base on Balls
Batting: RHB Luis Suárez 0-0: Called Strike
Rafael Gonzáles steals 2nd base
0-1: Ground out 4-3 (Groundball, 4)
Rafael Gonzáles to third
Batting: RHB Júlio Durán 0-0: Ball
1-0: Foul Ball, location: 2F
1-1: Foul Ball, location: 2F
1-2: Ground out 4-3 (Groundball, 4)
Bottom of the 5th over - 0 runs, 0 hits, 0 errors, 1 left on base; Chula Vista 0 - Saskatoon 1
TOP OF THE 6TH
Chula Vista Tacos batting - Pitching for Saskatoon Smokin' Guns : RHP Artie Smith
Batting: RHB Kenny Miller 0-0: Ground out 1-3 (Groundball, P)
Batting: LHB Dale Miller 0-0: Ball
1-0: Foul Ball, location: 2F
1-1: Fly out, F3 (Popup, 3)
Batting: RHB Eric Schroeder 0-0: Called Strike
0-1: Called Strike
0-2: Ball
1-2: Strikes out looking
Top of the 6th over - 0 runs, 0 hits, 0 errors, 0 left on base; Chula Vista 0 - Saskatoon 1
BOTTOM OF THE 6TH
Saskatoon Smokin' Guns batting - Pitching for Chula Vista Tacos : RHP Manny Cook
Batting: LHB José Domínguez 0-0: Ball
1-0: SINGLE (Groundball, 13S) (infield hit)
Pinch Runner at 1st Ben Donaldson:
Batting: RHB Juan Alvarado 0-0: Foul Ball, location: 2F
0-1: Ball
1-1: Fly out, F8 (Flyball, 8LXD)
Batting: RHB Lyle Johnston 0-0: Ball
1-0: Called Strike
1-1: Ball
2-1: Called Strike
2-2: Fly out, F6 (Popup, 6S)
Batting: RHB Mike Ratzlaff 0-0: Ball
1-0: Foul Ball, location: 2F
1-1: Foul Ball, location: 2F
1-2: Strikes out swinging
Bottom of the 6th over - 0 runs, 1 hit, 0 errors, 1 left on base; Chula Vista 0 - Saskatoon 1
TOP OF THE 7TH
Chula Vista Tacos batting - Pitching for Saskatoon Smokin' Guns : RHP Artie Smith
Batting: SHB Jared Calhoun 0-0: Ball
1-0: Foul Ball, location: 2F
1-1: Foul Ball, location: 2F
1-2: Ball
2-2: Ground out 3-1 (Groundball, 3S)
Batting: RHB Valentín Saldaña 0-0: Called Strike
0-1: Called Strike
0-2: Ball
1-2: Ball
2-2: Ground out 5-3 (Groundball, 56)
Batting: RHB Nelson Wright 0-0: Called Strike
0-1: Called Strike
0-2: Ground out 6-3 (Groundball, 6M)
Top of the 7th over - 0 runs, 0 hits, 0 errors, 0 left on base; Chula Vista 0 - Saskatoon 1
BOTTOM OF THE 7TH
Saskatoon Smokin' Guns batting - Pitching for Chula Vista Tacos : RHP Manny Cook
Pitching: RHP Shane Thompson
Batting: RHB Artie Turner 0-0: Ball
1-0: Ground out 5-3 (Groundball, 56S)
Batting: RHB Héctor Garza 0-0: Ball
1-0: Called Strike
1-1: Ball
2-1: Ground out 6-3 (Groundball, 6)
Batting: RHB Rafael Gonzáles 0-0: Called Strike
0-1: Ball
1-1: Swinging Strike
1-2: Foul Ball, location: 2F
1-2: Strikes out swinging
Bottom of the 7th over - 0 runs, 0 hits, 0 errors, 0 left on base; Chula Vista 0 - Saskatoon 1
TOP OF THE 8TH
Chula Vista Tacos batting - Pitching for Saskatoon Smokin' Guns : RHP Artie Smith
Batting: RHB Daniel Pineda 0-0: Ball
1-0: Called Strike
1-1: Foul Ball, location: 2F
1-2: Foul Ball, location: 2F
1-2: Ball
2-2: Strikes out looking
Batting: LHB Jorge Pineda 0-0: Ball
1-0: Swinging Strike
1-1: Ball
2-1: Ball
3-1: Foul Ball, location: 2F
3-2: SINGLE (Groundball, 3D)
Pitching: LHP Ray Karl
Batting: RHB Rafael Cardenas 0-0: Foul Ball, location: 2F
0-1: Ball
1-1: SINGLE (Groundball, 56D)
Jorge Pineda to second
Batting: RHB Kenny Miller 0-0: Foul Ball, location: 2F
0-1: Ball
1-1: Ball
2-1: Foul Ball, location: 2F
2-2: Foul Ball, location: 2F
2-2: Foul Ball, location: 2F
2-2: Strikes out swinging
Pinch Hitting: RHB Miguel Murillo 0-0: Called Strike
0-1: Ball
1-1: Fielders Choice at 2nd, 5-4 (Groundball, 56)
Top of the 8th over - 0 runs, 2 hits, 0 errors, 2 left on base; Chula Vista 0 - Saskatoon 1
BOTTOM OF THE 8TH
Saskatoon Smokin' Guns batting - Pitching for Chula Vista Tacos : RHP Shane Thompson
Now in LF: Ethan Finley
Batting: RHB Luis Suárez 0-0: Ball
1-0: Ball
2-0: SINGLE (Line Drive, 4D)
Batting: RHB Júlio Durán 0-0: Called Strike
0-1: Foul Ball, location: 2F
0-2: Ball
1-2: Ball
2-2: Strikes out swinging
Batting: LHB Ben Donaldson 0-0: SINGLE (Line Drive, 9LM)
Luis Suárez to second
Runner from 2nd tries for 3rd, SAFE, no throw
Batting: RHB Juan Alvarado 0-0: Called Strike
0-1: Ball
1-1: Swinging Strike
1-2: Foul Ball, location: 2F
1-2: Strikes out swinging
Batting: RHB Lyle Johnston 0-0: Foul Ball, location: 2F
0-1: Ball
1-1: Foul Ball, location: 2F
1-2: Ball
2-2: Foul Ball, location: 2F
2-2: Strikes out swinging
Bottom of the 8th over - 0 runs, 2 hits, 0 errors, 2 left on base; Chula Vista 0 - Saskatoon 1
TOP OF THE 9TH
Chula Vista Tacos batting - Pitching for Saskatoon Smokin' Guns : LHP Ray Karl
Pitching: RHP José Gabriel
Batting: RHB Eric Schroeder 0-0: Ball
1-0: Called Strike
1-1: Ball
2-1: Foul Ball, location: 2F
2-2: Fly out, F5 (Line Drive, 5)
Batting: SHB Jared Calhoun 0-0: Foul Ball, location: 2F
0-1: Foul Ball, location: 2F
0-2: SINGLE (Line Drive, 9D)
Batting: RHB Valentín Saldaña 0-0: Ball
1-0: Called Strike
1-1: Swinging Strike
1-2: Ball
2-2: Ball
3-2: Strikes out swinging
Batting: RHB Nelson Wright 0-0: Ball
1-0: Foul Ball, location: 2F
1-1: Reached on error, E6 (Groundball, 6)
Jared Calhoun to second
Pinch Hitting: RHB Gonzalo García 0-0: Called Strike
0-1: Foul Ball, location: 2F
0-2: Strikes out swinging
Top of the 9th over - 0 runs, 1 hit, 1 error, 2 left on base; Chula Vista 0 - Saskatoon 1
Saturday, April 7th, 2018 - OOTP Baseball 18.8 Build 76